AoeStats
← ⭕⃤ ᠌♿Griefer♿

Arena

504333914Analyzed
1v1 RM · 27d ago on Sep 4, 2026· 27m 59s· 2 players
Game mode
Random Map
Map size
Tiny (2 player)
Population
200
Speed
Normal
Resources
Standard
Victory
Conquest
Starting age
Dark Age
Ending age
Imperial Age
RankedLock teamsTeams togetherTeam positionsShared explorationLock speedFull tech treeHidden civsTurbo modeCheats
Victory
Defeat
🇷🇴 Britons · Romania
1123
+15
🇺🇸 Burgundians · United States
1095
-15
Kicka
5:58 Double-Bit Axe
11:01 Feudal Age
16:02 Castle Age
15:02 Horse Collar
15:34 Bow Saw
⭕⃤ ᠌♿Griefer♿
10:03 Feudal Age
11:21 Loom
12:15 Double-Bit Axe
16:12 Fletching
16:52 Horse Collar
17:46 Padded Archer Armor
27:09 Castle Age
27:47 Bodkin Arrow
Connection lost

Rejoining the realm…

Still unreachable

The connection could not be restored.

Session expired

The server has moved on; the page needs a fresh start.